 Dungeon Crawl Stone Soup version 0.17-a0-2171-ga91b4ec (webtiles) character file.

1586 xeno23 the Transmogrifier (level 8, 0/45 HPs)
             Began as a Felid Transmuter on Oct 25, 2015.
             Was a Priest of Makhleb.
             Shot with a bolt by an orc warrior (6 damage)
             ... in a bailey.
             The game lasted 01:04:26 (7618 turns).

xeno23 the Transmogrifier (Felid Transmuter)        Turns: 7618, Time: 01:04:26

Health: 0/45       AC:  6    Str:  6    XL:     8   Next: 61%
Magic:  13/13      EV: 16    Int: 16    God:    Makhleb [***...]
Gold:   262        SH:  0    Dex: 18    Spells: 4 memorised, 3 levels left
                                        Lives:  0   Deaths: 2

rFire  x x .     SeeInvis +       - Unarmed
rCold  + + +     Clarity  .     (armour unavailable)
rNeg   . . .     SustAt   .     (shield unavailable)
rPois  +         Gourm    .     (helmet unavailable)
rElec  .         Spirit   .     (cloak unavailable)
rCorr  .         Warding  .     (gloves unavailable)
rMut   .         Stasis   .     (boots unavailable)
MR     +....                    (no amulet)
Stlth  ++++......               (no ring)
                                u - ring of ice

@: ice-form (expiring), somewhat resistant to hostile enchantments, stealthy
A: no armour, no weapons or thrown items, (claws 0), (fangs 0), see invisible,
carnivore 3, (speed 0), (shaggy fur 0), slow metabolism 1, (sharp paws)
a: End Transformation, Minor Destruction, Lesser Servant of Makhleb, Renounce
Religion


You were in a bailey.
You worshipped Makhleb.
Makhleb was most pleased with you.
You were full.
You were a creature of crystalline ice.
You visited 2 branches of the dungeon, and saw 8 of its levels.
You also visited: Sewer and Bailey.

You collected 262 gold pieces.

Inventory:

Missiles
 a - 47 arrows
Jewellery
 u - a ring of ice (left front paw)
Wands
 v - a wand of fireball (7)
Scrolls
 d - 3 scrolls of identify
 f - a scroll of remove curse
 q - a scroll of immolation
 s - a scroll of recharging
 w - a scroll of holy word {unknown}
 x - a scroll of teleportation
Potions
 e - a potion of haste {unknown}
 g - a potion of cancellation
 h - a potion of magic
 i - a potion of resistance
 k - a potion of might
 n - a potion of cure mutation {unknown}
 p - a potion of lignification {unknown}
 r - a potion of berserk rage {unknown}
 t - 3 potions of heal wounds {unknown}
 z - 2 potions of flight {unknown}
 A - a potion of curing
Books
 b - a book of Changes

   Spells                             Type                      Level
   a - Beastly Appendage              Transmutation                1
   b - Sticks to Snakes               Transmutation                2
   c - Spider Form                    Transmutation/Poison         3
   d - Ice Form                       Ice/Transmutation            4
   e - Blade Hands                    Transmutation                5
 y - a book of Conjurations

   Spells                             Type                      Level
   a - Magic Dart                     Conjuration                  1
   b - Searing Ray                    Conjuration                  2
   c - Dazzling Spray                 Conjuration/Hexes            3
   d - Fulminant Prism                Conjuration/Hexes            4
   e - Iskenderun's Mystic Blast      Conjuration                  4
   f - Iskenderun's Battlesphere      Conjuration/Charms           5
Comestibles
 c - 4 meat rations
 m - a slice of pizza


   Skills:
 + Level 5.7 Fighting
 + Level 8.4 Dodging
 + Level 8.2 Stealth
 * Level 9.1 Unarmed Combat
 - Level 3.0 Spellcasting
 * Level 9.4 Transmutations


You had 3 spell levels left.
You knew the following spells:

 Your Spells              Type           Power        Failure   Level  Hunger
a - Beastly Appendage     Trmt           ####..       1%          1    #......
b - Ice Form              Ice/Trmt       ####....     34%         4    #####..
d - Spider Form           Trmt/Pois      ###.......   12%         3    ###....
s - Sticks to Snakes      Trmt           ####......   1%          2    ##.....


Dungeon Overview and Level Annotations

Branches:
Dungeon (7/15)             Temple (1/1) D:4

Altars:
Ashenzari
Cheibriados
Dithmenos
Elyvilon
Fedhas
Gozag
Kikubaaqudgha
Makhleb
Okawaru
Qazlal
Ru
Trog
Vehumet
Zin


Innate Abilities, Weirdness & Mutations

You cannot wear armour.
You are incapable of wielding weapons or throwing items.
((You have sharp claws.))
((You have razor-sharp teeth.))
You have supernaturally acute eyesight.
You are carnivorous and can eat meat at any time.
((You cover ground quickly.))
((You are covered in thick fur (AC +2).))
You have a slow metabolism.
((Your sharp claws are effective at attacking unaware monsters.))


Message History

All of the chunks of flesh in your inventory have rotted away.
You see here a bolt.
Items here: ( ) [ ÷ an uncursed arbalest; 13 bolts; a scale mail; an orc skeleton
Things that are here:
an uncursed arbalest; 5 bolts; a ring mail You see here a bolt.
Your transformation is almost over.
You see here a bolt.
You see here a bolt.
You see here a bolt.
The orc warrior shouts!
The orc warrior shoots a bolt.
The bolt misses you.
You see here a bolt.
The orc warrior shoots a bolt.
The bolt hits you!
* * * LOW HITPOINT WARNING * * *
You see here a bolt.
You take 12 damage.
The orc warrior shoots a bolt.
The bolt hits you.
You die...

#..(............##
#.......≈≈≈≈≈(...#### ####...
#......≈≈#.#≈≈(.....###......
#.....(≈##.##≈...............
#......≈..^..≈(..............
#....(.≈##.##≈(..............
#...(.)≈≈#.#≈≈...............
#.......≈≈≈≈≈(...............
#.......)...Y(...............
#............(..)............
#......o.(...(...............
#..((((....................(.
#(∩(((.).....................
#∩.(((.......(..........(....
#############################


You could see an orc warrior.

Vanquished Creatures
  Grinder (D:6)
  3 yaks (D:5)
  2 ice beasts
  An orc warrior (Bailey)
  A centaur (D:5)
  2 phantoms
  2 ogres (D:6)
  A giant frog (D:6)
  A big kobold (Sewer)
  4 scorpions
  4 crimson imps
  An iguana (D:7)
  4 hounds
  A jelly (D:7)
  4 orc priests
  A giant frog skeleton (D:5)
  Terence (D:3)
  5 worker ants
  A hound skeleton (D:4)
  2 river rats (Sewer)
  8 adders
  7 gnolls
  2 shadow imps
  3 worms
  7 giant geckos
  22 orcs
  A ball python (D:2)
  4 bats
  7 giant cockroaches
  11 goblins
  12 hobgoblins
  28 jackals
  14 kobolds
  2 quokkas
  6 giant newts
  9 rats
185 creatures vanquished.

Vanquished Creatures (collateral kills)
  A yak (D:5)
  A worm (D:6)
  An orc (Bailey)
  A bat (D:2)
  A rat (D:6)
5 creatures vanquished.

Grand Total: 190 creatures vanquished

Notes
Turn   | Place    | Note
--------------------------------------------------------------
     0 | D:1      | xeno23 the Felid Transmuter began the quest for the Orb.
     0 | D:1      | Reached XP level 1. HP: 9/9 MP: 4/4
   127 | D:1      | Reached XP level 2. HP: 10/12 MP: 6/6
   131 | D:1      | Learned a level 2 spell: Sticks to Snakes
   310 | D:1      | Reached skill level 1 in Stealth
   443 | D:1      | Reached XP level 3. HP: 15/15 MP: 5/7
  1015 | D:2      | Learned a level 3 spell: Spider Form
  1081 | D:2      | Found a white marble altar of Elyvilon.
  1388 | D:2      | Reached XP level 4. HP: 11/19 MP: 8/8
  2340 | D:2      | Found a sacrificial altar of Ru.
  2682 | D:3      | Reached XP level 5. HP: 22/22 MP: 9/9
  2984 | D:3      | Noticed Terence
  3006 | D:3      | Killed Terence
  3244 | D:4      | Found a staircase to the Ecumenical Temple.
  3252 | D:4      | Reached skill level 4 in Transmutations
  3261 | D:4      | HP: 1/22 [hound (6)]
  3263 | D:4      | Slain by a hound
  3264 | D:4      | Reached XP level 4. HP: -4/19 MP: 9/9
  3306 | D:4      | Noticed a phantom
  3334 | D:4      | Killed a phantom
  3334 | D:4      | Reached XP level 5. HP: 11/22 MP: 3/10
  3826 | D:4      | Gained mutation: You are covered in thick fur (AC +2). [Felid growth]
  3826 | D:4      | Reached XP level 6. HP: 11/27 MP: 4/11
  4103 | Temple   | Entered the Ecumenical Temple
  4207 | Temple   | Became a worshipper of Makhleb the Destroyer
  4346 | D:5      | Entered Level 5 of the Dungeon
  4470 | D:5      | Reached skill level 5 in Fighting
  4470 | D:5      | Reached skill level 7 in Dodging
  4470 | D:5      | Reached skill level 8 in Unarmed Combat
  4470 | D:5      | Reached XP level 7. HP: 27/33 MP: 10/12
  4527 | D:5      | Noticed a yak
  4527 | D:5      | Noticed a yak
  4529 | D:5      | Noticed a yak
  4530 | D:5      | Noticed a yak
  4548 | D:5      | Killed a yak
  4548 | D:5      | Reached XP level 8. HP: 3/37 MP: 8/13
  4559 | D:5      | Killed a yak
  5246 | D:5      | Killed a yak
  5262 | D:5      | Killed a yak
  5262 | D:5      | Reached skill level 9 in Transmutations
  5979 | D:6      | Reached * piety under Makhleb
  6016 | D:6      | Reached XP level 9. HP: 32/40 MP: 14/14
  6396 | D:6      | Noticed Grinder
  6399 | D:6      | Killed Grinder
  6475 | D:6      | Found a glowing drain.
  6489 | Sewer    | Entered a sewer
  6495 | Sewer    | Reached ** piety under Makhleb
  6560 | Sewer    | Found a glowing silver altar of Zin.
  6612 | Sewer    | Learned a level 4 spell: Ice Form
  7066 | D:7      | Found a flagged portal.
  7099 | D:7      | Reached *** piety under Makhleb
  7103 | Bailey   | Entered a bailey
  7506 | Bailey   | Shot with a bolt by an orc warrior
  7507 | Bailey   | Reached XP level 8. HP: -1/45 MP: 6/13
  7618 | Bailey   | Shot with a bolt by an orc warrior

Vault maps used:
D:1:      dpeg_arrival_another_circle
D:2:      elyvilon_altar_5, lemuel_coloured_pillars_altar
D:3:      uniq_terence
D:4:      minmay_temple_entry_junction, serial_bayou_pond_d
D:5:      first_bread, st_stairs_3, kennysheep_generic_room_15
D:6:      gup_sewer_entry_bubbles, uniq_grinder
D:7:      enter_bailey_3
Temple:   circular_temple_12
Sewer:    sewer_kobolds
Bailey:   bailey_polearm_2, bailey

Action                   |  1- 3 |  4- 6 |  7- 9 || total
-------------------------+-------+-------+-------++-------
Melee: Unarmed           |   119 |   203 |   185 ||   507
 Cast: Beastly Appendage |     7 |     8 |     3 ||    18
       Spider Form       |     2 |    11 |     8 ||    21
       Sticks to Snakes  |     1 |     4 |     8 ||    13
       Ice Form          |       |       |     8 ||     8
  Use: Scroll            |     4 |    13 |     3 ||    20
       Potion            |     1 |     2 |     1 ||     4
 Stab: Sleeping          |     9 |    14 |    20 ||    43
       Distracted        |       |     1 |     1 ||     2
  Eat: Chunk             |     8 |    14 |    11 ||    33
